Map: Dusk Towers

Players

Suppy

  • Race: Zerg Zerg
  • League: Diamond

MCanning - Winner!

  • Race: Protoss Protoss
  • League: Grandmaster

VOD

http://www.twitch.tv/mcanning/v/30690643

Description

Time

  • Played on: Dec. 19, 2015, 4:30 a.m.
  • Length: 11:50
Show
View Real Time Build Order
Export as new Build Order

Suppy Zerg 

Build Orders: Hatch First 

Get SALT Encoding   

  12  0:01  Drone  
  13  0:16  Overlord  
  13  0:19  Drone  
  14  0:35  Drone x2  
  16  0:39  Drone  
  17  0:52  Hatchery  
  17  0:56  Drone  
  17  1:00  Drone  
  18  1:13  Spawning Pool  
  18  1:16  Drone  
  18  1:21  Drone  
  19  1:32  Drone  
  20  1:43  Hatchery  
  20  1:46  Drone  
  20  1:54  Drone  
  21  2:05  Queen  
  21  2:07  Queen  
  25  2:10  Zergling x2  
  25  2:14  Drone  
  27  2:16  Drone  
  27  2:20  Overlord  
  28  2:24  Extractor  
  28  2:26  Drone  
  28  2:39  Drone x2  
  28  2:40  Drone  
  31  2:46  Queen  
  31  2:48  Drone x2  
  35  2:55  Overlord  
  35  2:58  Drone x2  
  37  3:03  Queen  
  39  3:06  Drone  
  39  3:09  Drone x2  
  42  3:20  Drone x3  
  42  3:21  Drone x3  
  42  3:22  Drone  
  42  3:25  Overlord  
  49  3:29  Extractor  
  48  3:35  Evolution Chamber  
  48  3:36  Evolution Chamber, Drone x2  
  48  3:41  Drone x2  
  50  3:46  Roach Warren  
  49  3:49  Overlord  
  49  3:50  Metabolic Boost  
  49  3:54  Drone  
  49  3:55  Drone  
  51  3:57  Overlord  
  51  4:00  Overlord  
  51  4:10  Zerg Melee Weapons Level 1  
  51  4:12  Drone x3  
  51  4:13  Drone x2  
  51  4:15  Drone x2  
  58  4:17  Drone  
  58  4:24  Queen  
  59  4:28  Overlord x2  
  61  4:36  Drone x6  
  66  4:41  Zerg Ground Armor Level 1  
  66  4:45  Drone x4  
  67  4:46  Drone  
  67  4:51  Overlord  
  71  4:53  Lair  
  71  4:55  Overlord  
  71  4:56  Drone x2  
  71  4:58  Drone  
  74  5:02  Extractor  
  74  5:03  Extractor  
  73  5:07  Drone x2  
  73  5:10  Extractor  
  73  5:11  Drone x3  
  73  5:12  Hatchery  
  75  5:17  Roach x2  
  75  5:18  Roach x2  
  83  5:23  Roach x3  
  83  5:26  Drone  
  90  5:33  Overlord  
  92  5:35  Roach  
  92  5:36  Roach x2, Zergling x6  
  92  5:40  Overlord  
  99  5:43  Overlord x3  
  99  5:50  Overlord  
  99  5:51  Roach x2  
  99  5:52  Roach  
  99  5:53  Zergling x2  
  106  6:01  Overlord  
  106  6:02  Zergling x2  
  106  6:03  Glial Reconstitution  
  107  6:05  Ravager x3  
  107  6:08  Roach x2  
  107  6:09  Roach  
  115  6:13  Zergling x2  
  115  6:14  Zergling x8  
  120  6:20  Roach  
  122  6:30  Overlord  
  122  6:31  Zerg Melee Weapons Level 2  
  120  6:33  Drone, Infestation Pit  
  120  6:34  Drone x5  
  120  6:35  Drone x2  
  127  6:42  Overlord  
  127  6:43  Drone x3  
  127  6:44  Drone, Extractor  
  127  6:45  Drone  
  131  6:47  Spore Crawler  
  131  6:48  Overlord  
  131  6:50  Roach x2, Zergling x4  
  136  6:56  Overlord  
  136  6:59  Drone x2  
  136  7:00  Roach  
  136  7:01  Roach x2  
  144  7:12  Hive  
  144  7:15  Drone x2  
  145  7:17  Drone x2  
  145  7:18  Spore Crawler  
  145  7:22  Ravager x3  
  149  7:23  Hatchery  
  149  7:24  Zerg Ground Armor Level 2  
  149  7:25  Zergling x16  
  149  7:26  Zergling x8  
  149  7:29  Zergling x8  
  164  7:36  Zergling x2  
  165  7:37  Zergling x4  
  165  7:39  Queen  
  169  7:50  Zergling x10  
  169  7:51  Zergling x8  
  159  7:57  Drone x3  
  155  8:09  Drone x2  
  155  8:10  Drone x3, Overseer  
  155  8:11  Pneumatized Carapace  
  155  8:16  Queen  
  155  8:18  Overseer  
  154  8:21  Roach x8  
  162  8:39  Ultralisk Cavern  
  158  8:45  Roach x7  
  158  8:46  Roach x7  
  159  8:52  Zergling x2  
  159  8:53  Zergling x8  
  144  8:56  Roach  
  144  9:00  Queen  
  148  9:05  Zergling x6  
  148  9:06  Zergling x2  
  148  9:07  Ravager x5  
  157  9:12  Roach  
  157  9:13  Roach x2  
  163  9:18  Zergling x2  
  163  9:19  Zergling x2  
  165  9:24  Zergling x4  
  134  9:33  Zergling x6  
  134  9:34  Zergling x6  
  134  9:37  Zergling x2  
  134  9:42  Zergling x6  
  134  9:43  Zergling x4  
  136  9:55  Roach x4  
  136  9:56  Roach x4  
  149  10:03  Zergling x6  
  140  10:17  Ultralisk  
  140  10:18  Ultralisk x2  
  150  10:22  Zergling x2  
  150  10:24  Ultralisk  
  150  10:25  Zergling x16  
  161  10:42  Ultralisk, Zergling x10  
  167  10:44  Queen  
  162  10:50  Zergling x2  
  162  10:51  Zergling x4  
  164  11:02  Ultralisk, Zergling x6  
  152  11:14  Zergling x2  
  152  11:15  Zergling x8  
  157  11:23  Zergling x2  
  157  11:24  Zergling x8  
Show
View Real Time Build Order
Export as new Build Order

MCanning Protoss - Winner!

Build Orders: Nexus First 

Get SALT Encoding   

  12  0:01  Probe (Chrono Boost)  
  13  0:12  Probe (Chrono Boost)  
  14  0:21  Pylon  
  14  0:22  Probe (Chrono Boost)  
  15  0:39  Probe (Chrono Boost)  
  17  0:50  Probe (Chrono Boost)  
  17  0:58  Nexus  
  17  1:08  Gateway  
  17  1:12  Probe (Chrono Boost)  
  18  1:21  Assimilator  
  18  1:23  Probe (Chrono Boost)  
  19  1:25  Assimilator  
  19  1:34  Probe (Chrono Boost), Pylon  
  20  1:44  Probe (Chrono Boost)  
  21  1:55  Probe (Chrono Boost)  
  21  2:00  Cybernetics Core  
  22  2:05  Probe (Chrono Boost)  
  22  2:07  Zealot  
  25  2:12  Probe (Chrono Boost)  
  26  2:16  Probe (Chrono Boost)  
  28  2:22  Probe (Chrono Boost)  
  28  2:26  Probe (Chrono Boost)  
  29  2:32  Probe (Chrono Boost)  
  29  2:36  Stalker (Chrono Boost), Probe (Chrono Boost)  
  33  2:38  Warp Gate  
  33  2:48  Mothership Core (Chrono Boost), Probe (Chrono Boost)  
  37  2:58  Probe (Chrono Boost)  
  37  3:06  Sentry  
  37  3:07  Probe (Chrono Boost)  
  37  3:09  Probe (Chrono Boost)  
  41  3:17  Probe (Chrono Boost)  
  41  3:19  Probe (Chrono Boost)  
  43  3:20  Nexus  
  43  3:22  Pylon  
  43  3:28  Probe (Chrono Boost)  
  43  3:30  Probe (Chrono Boost)  
  45  3:38  Probe (Chrono Boost)  
  45  3:41  Sentry, Probe (Chrono Boost)  
  49  3:44  Pylon  
  49  3:47  Robotics Facility  
  49  3:49  Probe (Chrono Boost)  
  49  3:51  Probe (Chrono Boost)  
  49  3:55  Assimilator  
  51  3:59  Probe (Chrono Boost), Assimilator  
  51  4:02  Probe (Chrono Boost)  
  53  4:10  Probe (Chrono Boost)  
  53  4:12  Probe (Chrono Boost)  
  53  4:15  Gateway  
  55  4:17  Gateway  
  55  4:20  Probe (Chrono Boost)  
  55  4:23  Probe (Chrono Boost)  
  57  4:27  Pylon  
  57  4:31  Probe (Chrono Boost), Pylon  
  58  4:33  Probe (Chrono Boost)  
  58  4:38  Probe (Chrono Boost), Observer (Chrono Boost)  
  60  4:42  Probe x2, Robotics Bay  
  63  4:48  Probe  
  64  4:53  Probe  
  64  4:54  Probe  
  64  4:55  Pylon  
  64  4:57  Observer (Chrono Boost)  
  64  4:59  Probe (Chrono Boost)  
  67  5:00  Twilight Council, Forge  
  67  5:04  Probe (Chrono Boost)  
  69  5:08  Gateway  
  69  5:10  Probe (Chrono Boost), Gateway  
  69  5:11  Probe (Chrono Boost)  
  69  5:14  Sentry  
  73  5:15  Probe (Chrono Boost)  
  73  5:16  Adept  
  73  5:18  Adept  
  73  5:20  Probe (Chrono Boost)  
  79  5:24  Warp Prism (Chrono Boost)  
  79  5:27  Protoss Ground Weapons Level 1  
  81  5:28  Probe  
  81  5:34  Probe  
  83  5:37  Assimilator  
  83  5:38  Probe  
  83  5:40  Probe  
  83  5:42  Assimilator, Blink (Chrono Boost)  
  85  5:46  Probe, Dark Shrine  
  85  5:49  Adept x3  
  92  5:56  Probe  
  93  6:02  Gateway  
  93  6:03  Gateway  
  93  6:07  Pylon  
  93  6:10  Probe  
  93  6:11  Probe  
  95  6:12  Adept  
  95  6:13  Adept x2  
  95  6:17  Pylon  
  101  6:23  Probe  
  101  6:25  Probe, Disruptor  
  103  6:27  Probe  
  107  6:36  Gateway  
  107  6:37  Gateway  
  107  6:40  Stalker x5  
  117  6:52  Pylon  
  117  6:56  Pylon  
  117  6:57  Pylon x2  
  117  7:10  Disruptor  
  117  7:12  Probe  
  121  7:16  Nexus  
  121  7:18  Pylon  
  121  7:20  Probe  
  121  7:24  Dark Templar x3  
  121  7:25  Protoss Ground Weapons Level 2  
  127  7:30  Stalker x4  
  127  7:31  Pylon  
  127  7:34  Pylon  
  127  7:36  Probe, Pylon  
  136  7:46  Disruptor (Chrono Boost)  
  138  7:52  Stalker  
  138  7:53  Stalker x5  
  150  7:59  Probe  
  151  8:05  Stalker  
  151  8:06  Stalker x2  
  149  8:19  Disruptor (Chrono Boost)  
  152  8:20  Charge  
  152  8:24  Robotics Facility  
  152  8:25  Probe  
  152  8:26  Pylon  
  153  8:27  Stalker  
  153  8:28  Stalker  
  153  8:34  Probe  
  143  8:50  Disruptor (Chrono Boost)  
  143  8:52  Stalker x3  
  143  8:53  Stalker x5  
  148  8:59  Probe, Zealot  
  151  9:06  Assimilator  
  151  9:08  Assimilator  
  151  9:11  Probe  
  151  9:16  Zealot x4  
  163  9:17  Disruptor (Chrono Boost)  
  163  9:27  Probe  
  163  9:29  Probe  
  162  9:37  Zealot x4  
  162  9:38  Zealot x2  
  168  9:41  Stalker x3  
  168  9:45  Disruptor (Chrono Boost)  
  167  9:57  Stalker  
  167  9:58  Stalker x5  
  167  10:11  Probe  
  167  10:13  Probe  
  163  10:20  Zealot x4  
  166  10:24  Probe  
  162  10:35  Disruptor (Chrono Boost)  
  162  10:41  Disruptor (Chrono Boost)  
  163  10:48  Stalker x2  
  163  10:49  Stalker x6  
  175  11:07  Immortal (Chrono Boost)  
  175  11:18  Dark Templar x2  
  175  11:19  Dark Templar x4  
  175  11:23  Archon x2  
  175  11:24  Dark Templar, Archon  
  189  11:25  Zealot x2  
  159  11:47  Stalker x2  
Tags
 
Add a new tag
Caveats
  • Supply blocks, unpowered buildings, or Contaminate may cause inaccurate times.
  • Supply counts are checked every 10 seconds.